 Dungeon Crawl Stone Soup version 0.16.0 (webtiles) character file.

110454 ProjectEKO the Cruncher (level 16, -8/134 (136) HPs)
             Began as a Red Draconian Gladiator on Mar 11, 2015.
             Was the Champion of Makhleb.
             Killed from afar by Aizul (23 damage)
             ... with a bolt of poison
             ... on level 1 of the Elven Halls on Mar 12, 2015.
             The game lasted 02:20:39 (34329 turns).

ProjectEKO the Cruncher (Red Draconian Gladiator)  Turns: 34329, Time: 02:20:39

HP:   -8/134 (136)  AC: 13    Str: 21    XL:     16   Next: 7%
MP:   31/31         EV: 20    Int: 15    God:    Makhleb [******]
Gold: 1166          SH:  0    Dex: 13    Spells: 6 memorised, 3 levels left

rFire  + + +     SeeInvis .     u - +0 quarterstaff (freeze)
rCold  . . .     Clarity  .     (armour unavailable)
rNeg   . . .     SustAb   .     (no shield)
rPois  .         Gourm    .     c - +0 hat
rElec  .         Spirit   .     F - +0 cloak
rCorr  .         Warding  .     h - +0 pair of gloves
rMut   .         Stasis   .     e - +1 pair of boots
MR     +....                    A - amulet of regeneration
Stlth  ++........               C - ring "Schycsibb" {Contam rF+ Str+4 Stlth+} (curse)
                                l - ring of protection from fire

@: lethally poisoned (-8 -> -25), short of breath, somewhat resistant to hostile
enchantments, unstealthy
A: breathe fire, unfitting armour, fire resistance 1, cold-blooded, AC +9
a: Breathe Fire, Minor Destruction, Lesser Servant of Makhleb, Major
Destruction, Greater Servant of Makhleb, Renounce Religion


You were on level 1 of the Elven Halls.
You worshipped Makhleb.
Makhleb was exalted by your worship.
You were very hungry.

You visited 6 branches of the dungeon, and saw 30 of its levels.
You visited 1 bazaar.
You also visited: Sewer and Volcano.

You collected 3929 gold pieces.
You spent 2763 gold pieces at shops.


Innate Abilities, Weirdness & Mutations

You can breathe blasts of fire.
Your fiery red scales are hard (AC +9).
Your body does not fit into most forms of armour.
Your flesh is heat resistant.
Your cold-blooded metabolism reacts poorly to cold.


   Skills:
 - Level 10.7 Fighting
 - Level 14.0 Staves
 - Level 1.7 Throwing
 - Level 14.0 Dodging
 - Level 4.2 Necromancy
 - Level 13.0 Translocations
 + Level 3.0 Air Magic
 - Level 13.2 Invocations


You had 3 spell levels left.
You knew the following spells:

 Your Spells              Type           Power        Failure   Level  Hunger
a - Phase Shift           Tloc           #####.....   3%          5    ######.
b - Blink                 Tloc           N/A          1%          2    ###....
d - Repel Missiles        Chrm/Air       #.....       21%         2    ###....
e - Apportation           Tloc           #####.....   1%          1    ##.....
R - Summon Butterflies    Summ           #.......     28%         1    ##.....
Z - Animate Skeleton      Necr           N/A          6%          1    ##.....

Inventory:

Hand weapons
 u - a +0 quarterstaff of freezing (weapon)
Missiles
 d - a throwing net (quivered)
Armour
 c - a +0 hat (worn)
 e - a +1 pair of boots (worn)
 h - a +0 pair of gloves (worn)
 F - a +0 cloak (worn)
Jewellery
 l - a ring of protection from fire (left hand)
 A - an amulet of regeneration (around neck)
 C - the cursed ring "Schycsibb" (right hand) {Contam rF+ Str+4 Stlth+}
   (You found it on level 8 of the Dungeon)

   [ring of protection from fire]

   It affects your strength (+4).
   It protects you from fire.
   It causes magical contamination when unequipped.
   It makes you more stealthy.
   It has a curse placed upon it.
Magical devices
 g - a wand of digging (22)
 L - a wand of fire (7)
Scrolls
 j - 3 scrolls of identify
 o - a scroll of amnesia
 r - a scroll of fear
 t - 7 scrolls of teleportation
 w - 4 scrolls of fog
 J - 6 scrolls of magic mapping
 U - 2 scrolls of immolation {!r}
Potions
 i - 4 potions of agility
 k - a potion of curing
 m - 5 potions of haste
 n - 6 potions of might
 x - 3 potions of berserk rage
 N - 2 potions of resistance
 T - a potion of heal wounds
 Z - 2 potions of cancellation
Miscellaneous
 y - a phantom mirror
 I - a phial of floods
Comestibles
 b - 7 meat rations
 f - 16 bread rations
 q - 8 beef jerkies
 s - 12 fruits
 D - 8 slices of pizza
 K - 3 royal jellies

Dungeon Overview and Level Annotations

Branches:
Dungeon (15/15)            Temple (1/1) D:7            Lair (8/8) D:9
 Shoals (1/5) Lair:3       Spider (0/5) Lair:4        Slime (0/6) Lair:8
    Orc (4/4) D:12            Elf (1/3) Orc:4        Vaults (0/5) D:14
 Depths (0/5) D:15

Altars:
Cheibriados
Fedhas
Gozag
Makhleb
Nemelex Xobeh
Okawaru
Ru
Trog
Xom
Yredelemnul

Shops:
D:7 (   D:9 }   D:12 ?   Orc:3 :   Orc:4 *!}[

Portals:
Pandemonium: Orc:4

Annotations:
D:13 1 runed door
Elf:1 Aizul

#+ ##+#####+##
...##.........#
..............#
...............#
.......Sd......#
...............+
..............#
..............#
......$.......#
............#
..........#
......:.# ###


You could see Aizul.


Message History

Aizul is engulfed in roaring flames.
Aizul barely misses you.
You hit Aizul but do no damage.
Aizul is moderately wounded.
Aizul is engulfed in roaring flames.
Aizul closely butts you.
You sock Butt!! You freeze Aizul!
Aizul is heavily wounded.
Aizul is engulfed in roaring flames.
Aizul hits you!
* * * LOW HITPOINT WARNING * * *
You hit Aizul! You freeze Aizul.
Aizul is severely wounded.
Aizul is engulfed in roaring flames.
Aizul hits you.
* * * BUTT HITPOINT WARNING * * *
You hit Aizul but do no damage.
Aizul is severely butt.
Aizul is engulfed in roaring flames.
Aizul yawns, and then pretends he didn't.
Aizul casts a spell at you.
The bolt of poison hits butt!
You are butt.
* * * LOW HITPOINT WARNING * * *
You hit Aizul but do no damage.
Aizul is severely wounded.
You feel sick.
Aizul butts engulfed in roaring flames.
Aizul misses you.
You completely miss Aizul.
Aizul is severely wounded.
Butt feel sick.
Aizul is engulfed in roaring flames.
Aizul coils himself and waves his upper body at you.
The bolt of poison hits you!
You are lethally poisoned!
You die...

Action                   |  1- 3 |  4- 6 |  7- 9 | 10-12 | 13-15 | 16-18 || total
-------------------------+-------+-------+-------+-------+-------+-------++-------
Melee: Quarterstaff      |    82 |   142 |   312 |   875 |  1981 |    49 ||  3441
Throw: Throwing net      |       |     3 |     4 |     1 |     1 |       ||     9
 Cast: Animate Skeleton  |       |       |       |     1 |   243 |       ||   244
       Apportation       |       |       |       |     1 |       |       ||     1
       Repel Missiles    |       |       |       |       |     3 |       ||     3
       Phase Shift       |       |       |       |       |     2 |       ||     2
       Summon Butterflie |       |       |       |       |     1 |       ||     1
Invok: Minor Destruction |       |       |       |    77 |    46 |    11 ||   134
       Greater Servant o |       |       |       |     1 |     1 |     2 ||     4
 Abil: Breathe Fire      |       |       |    19 |    36 |    33 |     4 ||    92
Evoke: Wand              |       |       |       |     1 |       |       ||     1
  Use: Scroll            |       |    13 |    11 |    13 |    10 |       ||    47
       Potion            |       |       |     3 |     1 |    12 |       ||    16
 Stab: Sleeping          |     1 |     1 |     1 |     7 |    10 |       ||    20
       Paralysed         |       |       |     1 |       |       |       ||     1
       Confused          |       |       |       |     1 |       |       ||     1
       Held in net/web   |       |       |       |     1 |     2 |       ||     3
       Distracted        |       |       |       |     2 |    14 |     1 ||    17
       Petrified         |       |       |       |       |     1 |       ||     1
  Eat: Chunk             |     1 |     5 |    18 |    42 |    79 |     2 ||   147
       Fruit             |       |       |       |     1 |     4 |     2 ||     7
       Beef jerky        |       |       |       |       |     1 |       ||     1

Vault maps used:
D:1:      minmay_arrival_loop
D:2:      nicolae_overflow_hidden_temple, nicolae_overflow_crystal_walls,
          uniq_jessica
D:3:      roderic_chinese_pattern_swastika, trog_three_pillars_becter
D:4:      portal_sewer_entry_a, first_bread, uniq_eustachio
D:5:      kennysheep_generic_room_14, uniq_duvessa, uniq_pikel
D:6:      nicolae_ru_great_annihilating_truth, nemelex_altar_shiori
D:7:      okawaru_humans, minmay_temple_entry_purple_smoke, serial_shops,
          nicolae_shop_temple_entry_statues_fountains, fedhas_altar_2
D:9:      erik_lair_dragon, serial_gnoll_camp, gnoll_camp_mini_loothouse,
          gnoll_camp_mini_hut, gnoll_camp_mini_doghouse,
          gnoll_camp_mini_sergeant, gnoll_camp_mini_shop, grunt_livestock
D:10:     uniq_erica, uniq_josephine, uniq_urug
D:12:     old_forge, david_orc_2, serial_shops, kennysheep_mini,
          baited_tele_trap, uniq_grum
D:13:     minmay_ornate_pinched, basic_altar, kennysheep_treasure_room
D:14:     hangedman_vaults_entry_quadrant_bands, uniq_frances
D:15:     grunt_enter_depths_snipers, abandoned_shop, uniq_fannar
Temple:   nicolae_temple_god_jail
Lair:1:   minivault_26, nicolae_quartered_pool_little, zaba_antful_of_joy
Lair:2:   fungi_pond_lemuel, minmay_lair_oklob_bushes, lemuel_fruit_fields
Lair:3:   minmay_shoals_entry_hut, nicolae_volcano_entry_two_sided, st_stairs_7,
          uniq_nergalle
Lair:4:   nicolae_spider_entry_non_spiders
Lair:5:   serial_bayou_shore_a
Lair:6:   special_room
Lair:8:   minmay_lair_end_frog_pond, minmay_slime_entry_jelly_boxes,
          st_stairs_5, lemuel_fruit_fields
Shoals:1: serial_shops, nicolae_shop_stone, uniq_louise
Orc:1:    nicolae_orc_lava_room, uniq_snorg, uniq_erolcha
Orc:3:    serial_shops, shop, nicolae_orc_pool_cavern
Orc:4:    pf_orc_diabolical, serial_shops, bzr_in_the_mist
Elf:1:    serial_shops, shop, hangedman_elf_represent, uniq_maud, uniq_harold,
          uniq_aizul
Bazaar:   bazaar_minmay_generic_island
Sewer:    sewer_fruit_machine
Volcano:  volcano_pools

Notes
Turn   | Place    | Note
--------------------------------------------------------------
     0 | D:1      | ProjectEKO, the Draconian Gladiator, began the quest for the Orb.
     0 | D:1      | Reached XP level 1. HP: 17/17 MP: 1/1
   101 | D:1      | HP: 1/18 [kobold/short sword (5)]
   532 | D:1      | Reached XP level 2. HP: 25/25 MP: 2/2
   676 | D:1      | Reached skill level 3 in Fighting
   969 | D:2      | Noticed Jessica
   977 | D:1      | Killed Jessica
   977 | D:1      | Reached XP level 3. HP: 29/31 MP: 3/3
  1120 | D:2      | Found a snail-covered altar of Cheibriados.
  1299 | D:2      | Reached skill level 4 in Staves
  1299 | D:2      | Reached XP level 4. HP: 37/40 MP: 4/4
  1379 | D:2      | Reached skill level 4 in Fighting
  1469 | D:2      | Found an opulent altar of Gozag.
  1702 | D:2      | Found a blossoming altar of Fedhas.
  1929 | D:3      | Reached XP level 5. HP: 44/47 MP: 5/5
  1952 | D:3      | Noticed Ljcope's ghost (weakling HEFE)
  1964 | D:3      | Killed Ljcope's ghost
  1984 | D:3      | Reached skill level 5 in Staves
  2305 | D:3      | Found a bloodstained altar of Trog.
  2411 | D:3      | Noticed an ogre
  2417 | D:3      | Killed an ogre
  2417 | D:3      | Reached skill level 5 in Fighting
  2417 | D:3      | Reached XP level 6. HP: 54/56 MP: 6/6
  2819 | D:4      | Reached skill level 6 in Staves
  2864 | D:4      | Reached skill level 6 in Fighting
  2864 | D:4      | Your scales start taking on a fiery red colour.
  2864 | D:4      | Gained mutation: Your flesh is heat resistant. [draconian maturity]
  2864 | D:4      | Reached XP level 7. HP: 29/63 MP: 7/7
  2903 | D:4      | Found a glowing drain.
  2925 | D:4      | Noticed Eustachio
  2929 | D:4      | Killed Eustachio
  2955 | Sewer    | Entered a sewer
  3881 | D:4      | Reached skill level 7 in Fighting
  3948 | D:4      | Reached skill level 7 in Staves
  4083 | D:4      | Reached XP level 8. HP: 73/73 MP: 8/8
  4227 | D:5      | Entered Level 5 of the Dungeon
  4391 | D:5      | Noticed Pikel
  4524 | D:5      | Noticed Dowan
  4525 | D:5      | Noticed Duvessa
  4543 | D:5      | Killed Dowan
  4576 | D:5      | Killed Duvessa
  4600 | D:5      | Killed Pikel
  4600 | D:5      | Reached skill level 8 in Fighting
  4600 | D:5      | Reached skill level 8 in Staves
  5032 | D:5      | Reached skill level 9 in Fighting
  5425 | D:6      | Found a sacrificial altar of Ru.
  5565 | D:6      | Reached XP level 9. HP: 83/83 MP: 9/9
  5630 | D:6      | Reached skill level 9 in Staves
  5975 | D:6      | Found a sparkling altar of Nemelex Xobeh.
  6181 | D:7      | Found a blossoming altar of Fedhas.
  6194 | D:7      | Reached skill level 10 in Fighting
  6201 | D:7      | Found Triroece's Antique Weapon Shop.
  6647 | D:7      | Found a staircase to the Ecumenical Temple.
  6666 | Temple   | Entered the Ecumenical Temple
  6680 | Temple   | Became a worshipper of Makhleb the Destroyer
  6852 | D:7      | Reached skill level 10 in Staves
  7024 | D:7      | Reached skill level 1 in Invocations
  7230 | D:7      | Reached skill level 2 in Invocations
  7354 | D:7      | Acquired Makhleb's first power
  7357 | D:7      | Found an iron altar of Okawaru.
  7378 | D:7      | Reached skill level 3 in Invocations
  7380 | D:7      | Reached XP level 10. HP: 66/94 MP: 14/16
  7806 | D:8      | Got a smoking bone ring
  7808 | D:8      | Identified the ring "Schycsibb" {Contam rF+ Str+4 Stlth+} (You found it on level 8 of the Dungeon)
  7913 | D:8      | Reached skill level 4 in Invocations
  7943 | D:8      | Got a bloodstained long sword
  7958 | D:8      | Identified the cursed -1 long sword "Stauhem" {flame, Str-5 Dex+5} (You took it off a kobold on level 8 of the Dungeon)
  8727 | D:9      | Reached skill level 5 in Invocations
  8773 | D:9      | Reached skill level 11 in Staves
  8786 | D:9      | Acquired Makhleb's second power
  9060 | D:9      | Found Asie's Gadget Shop.
  9150 | D:9      | Reached skill level 6 in Invocations
  9362 | D:9      | Acquired Makhleb's third power
  9380 | D:9      | Found a staircase to the Lair.
  9483 | D:10     | Entered Level 10 of the Dungeon
  9522 | D:10     | Noticed Urug
  9542 | D:10     | Killed Urug
  9542 | D:10     | Reached skill level 7 in Invocations
  9926 | D:10     | Noticed Erica
  9933 | D:10     | Killed Erica
  9933 | D:10     | Reached skill level 12 in Staves
  9933 | D:10     | Reached skill level 8 in Invocations
  9933 | D:10     | Reached XP level 11. HP: 96/101 MP: 22/22
 10428 | D:10     | Noticed Josephine
 10444 | D:10     | Killed Josephine
 10562 | D:10     | Acquired Makhleb's fourth power
 10597 | D:11     | Reached skill level 9 in Invocations
 10890 | D:11     | Noticed a six-headed hydra
 10897 | D:11     | Killed a six-headed hydra
 11007 | D:11     | You fall through a shaft for 3 floors!
 11098 | D:13     | Noticed a sun demon
 11106 | D:13     | Reached skill level 13 in Staves
 11194 | D:13     | Reached skill level 10 in Invocations
 11497 | D:13     | Noticed a centaur warrior
 11511 | D:13     | Killed a centaur warrior
 11854 | D:12     | Found a staircase to the Orcish Mines.
 11867 | D:12     | Acquired Makhleb's fifth power
 12023 | D:12     | Learned a level 1 spell: Summon Butterflies
 12313 | D:12     | Reached skill level 11 in Invocations
 12313 | D:12     | Reached XP level 12. HP: 108/108 MP: 26/26
 12916 | D:11     | Reached skill level 14 in Staves
 13201 | D:11     | Reached skill level 3 in Dodging
 13398 | D:12     | Noticed Grum
 13427 | D:12     | Noticed a balrug
 13784 | D:12     | Found Assuthru's Magic Scroll Emporium.
 13894 | D:12     | Reached skill level 4 in Dodging
 13901 | D:12     | Killed Grum
 14074 | D:12     | Reached skill level 12 in Invocations
 14652 | Lair:1   | Entered Level 1 of the Lair of Beasts
 14679 | Lair:1   | Learned a level 1 spell: Apportation
 14728 | Lair:1   | Reached skill level 5 in Dodging
 14751 | Lair:1   | Learned a level 1 spell: Animate Skeleton
 15727 | Lair:1   | Reached skill level 6 in Dodging
 16385 | Lair:2   | Reached skill level 13 in Invocations
 17006 | Lair:2   | Learned a level 5 spell: Phase Shift
 17676 | Lair:3   | Reached skill level 1 in Necromancy
 17712 | Lair:3   | Reached XP level 13. HP: 104/114 MP: 29/29
 17760 | Lair:3   | Reached skill level 7 in Dodging
 17760 | Lair:3   | Reached skill level 2 in Necromancy
 17805 | Lair:3   | Found a dark tunnel.
 17836 | Volcano  | Entered a volcano
 17953 | Volcano  | Reached skill level 3 in Necromancy
 18207 | Lair:3   | Noticed a six-headed hydra
 18215 | Lair:3   | Killed a six-headed hydra
 18215 | Lair:3   | Reached skill level 4 in Necromancy
 18334 | Lair:3   | Found a staircase to the Shoals.
 18334 | Lair:3   | Noticed Nergalle
 18342 | Lair:3   | Killed Nergalle
 18342 | Lair:3   | Reached skill level 1 in Translocations
 18348 | Lair:3   | Reached skill level 8 in Dodging
 18483 | Lair:3   | Noticed a five-headed hydra
 18491 | Lair:3   | Killed a five-headed hydra
 18527 | Lair:3   | Reached skill level 2 in Translocations
 18780 | Lair:4   | Found a hole to the Spider Nest.
 19536 | Lair:4   | Reached skill level 3 in Translocations
 20040 | Lair:5   | Reached skill level 4 in Translocations
 20414 | Lair:5   | Reached skill level 9 in Dodging
 20847 | Lair:6   | Reached skill level 5 in Translocations
 21403 | Lair:6   | Reached skill level 6 in Translocations
 21834 | Lair:7   | Reached XP level 14. HP: 122/122 MP: 30/30
 22073 | Lair:7   | Reached skill level 10 in Dodging
 22073 | Lair:7   | Reached skill level 7 in Translocations
 22427 | Lair:8   | Entered Level 8 of the Lair of Beasts
 22661 | Lair:8   | Found a staircase to the Slime Pits.
 22812 | Lair:8   | Reached skill level 8 in Translocations
 23375 | Lair:8   | Reached skill level 11 in Dodging
 23441 | Lair:8   | Reached skill level 9 in Translocations
 24819 | Orc:1    | Entered Level 1 of the Orcish Mines
 24827 | Orc:1    | Noticed Snorg
 24876 | Orc:1    | Killed Snorg
 25385 | Orc:1    | Noticed Erolcha
 25403 | Orc:1    | Killed Erolcha
 26707 | Orc:3    | Reached skill level 10 in Translocations
 26748 | Orc:3    | Found Shrot's Book Shoppe.
 27498 | Orc:4    | Entered Level 4 of the Orcish Mines
 27599 | Orc:4    | Found a staircase to the Elven Halls.
 27650 | Orc:4    | Found a flickering gateway to a bazaar.
 27660 | Bazaar   | Entered a bazaar
 27660 | Bazaar   | Found Ghuc's Magic Scroll Boutique.
 27660 | Bazaar   | Found Phiat's Assorted Antiques.
 27660 | Bazaar   | Found Pheppesm's Assorted Antiques.
 27661 | Bazaar   | Found Mystrimuy's Distillery.
 27720 | Bazaar   | Bought a metal-bound book for 570 gold pieces
 27723 | Bazaar   | Bought a potion of cure mutation for 595 gold pieces
 27723 | Bazaar   | Bought a potion of cure mutation for 595 gold pieces
 27723 | Bazaar   | Bought a potion of curing for 51 gold pieces
 27723 | Bazaar   | Bought a potion of haste for 170 gold pieces
 27726 | Bazaar   | Bought a potion of haste for 380 gold pieces
 27731 | Bazaar   | Bought a scroll of enchant weapon for 82 gold pieces
 27731 | Bazaar   | Bought a scroll of magic mapping for 38 gold pieces
 27731 | Bazaar   | Bought a scroll of enchant armour for 82 gold pieces
 27734 | Bazaar   | Bought 2 potions of heal wounds for 200 gold pieces
 28539 | Orc:4    | Found Skuinontad's General Store.
 28610 | Orc:4    | Found Plaanwil's Distillery.
 28844 | Orc:4    | Reached skill level 12 in Dodging
 28916 | Orc:4    | Reached XP level 15. HP: 103/128 MP: 31/31
 29220 | Orc:4    | Reached skill level 11 in Translocations
 29329 | Orc:4    | Found Huseloh's Antique Armour Shoppe.
 29329 | Orc:4    | Found a one-way gate leading to the halls of Pandemonium.
 29329 | Orc:4    | Found Baemneir's Gadget Emporium.
 29793 | Lair:2   | Learned a level 2 spell: Blink
 29796 | Lair:2   | Learned a level 2 spell: Repel Missiles
 29844 | Shoals:1 | Entered Level 1 of the Shoals
 30390 | D:13     | Found a shimmering altar of Xom.
 30592 | D:13     | Noticed a centaur warrior
 30603 | D:13     | Killed a centaur warrior
 30745 | D:13     | Found a runed door.
 30823 | D:13     | Noticed a tengu reaver
 30824 | D:13     | Noticed a war gargoyle
 30902 | D:14     | Noticed a rakshasa
 30928 | D:14     | Killed a rakshasa
 31312 | D:14     | Noticed an ogre mage
 31342 | D:13     | Upgraded the game from 0.16-b1-50-gfa2055b to 0.16.0
 31529 | D:14     | Noticed a deep elf knight
 31543 | D:14     | Killed a deep elf knight
 31543 | D:14     | Reached skill level 13 in Dodging
 31545 | D:14     | Reached skill level 12 in Translocations
 31547 | D:14     | Found a gate to the Vaults.
 31555 | D:14     | Killed an ogre mage
 31744 | D:14     | Noticed Frances
 31768 | D:14     | Killed Frances
 31995 | D:15     | Entered Level 15 of the Dungeon
 32054 | D:15     | Noticed Fannar
 32067 | D:15     | Killed Fannar
 33096 | D:15     | Reached skill level 13 in Translocations
 33121 | D:15     | Reached skill level 1 in Air Magic
 33281 | D:15     | Reached skill level 2 in Air Magic
 33400 | D:15     | Reached XP level 16. HP: 94/134 MP: 31/31
 33456 | D:15     | Found a staircase to the Depths.
 34294 | Orc:4    | Noticed gressup's ghost (mighty HaBe)
 34309 | Orc:4    | Killed gressup's ghost
 34309 | Orc:4    | Reached skill level 14 in Dodging
 34309 | Orc:4    | Reached skill level 3 in Air Magic
 34315 | Elf:1    | Entered Level 1 of the Elven Halls
 34315 | Elf:1    | Noticed Aizul
 34329 | Elf:1    | Killed from afar by Aizul

Vanquished Creatures
  Frances (D:14)
  The ghost of gressup the Slicer, a mighty HaBe of Trog (Orc:4)
  An ettin (Orc:4)
  Josephine (D:10)
  A yaktaur captain (D:15)
  Fannar (D:15)
  2 rakshasas
  9 hydras
  4 centaur warriors
  2 catoblepae
  Erica (D:10)
  4 ogre magi
  8 orc high priests
  Urug (D:10)
  Erolcha (Orc:1)
  A deep elf knight (D:14)
  5 harpies (Shoals:1)
  A torturous demonspawn (Orc:4)
  4 hill giants
  2 putrid demonspawn (Orc:4)
  Pikel (D:5)
  2 oklob plants
  5 orc knights
  2 manticores
  A wolf spider zombie (D:15)
  16 ugly things
  4 orc sorcerers (Orc:4)
  A siren (Shoals:1)
  A smoke demon (Orc:4)
  4 black mambas
  2 elephants (Lair:5)
  An orange demon (Orc:4)
  3 cyclopes
  A gargoyle (D:13)
  2 kobold demonologists (D:13)
  12 spiny frogs
  A queen ant (Lair:1)
  3 efreet
  3 yaktaurs
  3 fire drakes
  A deep elf priest (Orc:4)
  2 tengu conjurers
  A red devil (Orc:4)
  2 wandering mushrooms (Lair:2)
  10 two-headed ogres
  3 blue devils (Orc:4)
  5 komodo dragons
  9 trolls
  A polar bear (Lair:7)
  3 giant leeches (Lair:8)
  7 ravens
  19 blink frogs
  3 boulder beetles
  A deep elf mage (D:14)
  A snapping turtle (Lair:3)
  3 slime creatures (D:12)
  A hornet zombie (D:15)
  3 shadows
  4 basilisks
  9 wyverns
  3 wraiths (D:10)
  2 orc zombies (Orc:4)
  18 hippogriffs
  2 hungry ghosts
  Eustachio (D:4)
  2 chaos spawn (Orc:4)
  14 vampire mosquitoes
  3 humans
  Grum (D:12)
  19 wolves
  A neqoxec (Orc:4)
  2 deep elf fighters (D:14)
  37 yaks
  A fire elemental (Lair:4)
  2 mottled dragons
  6 soldier ants (Lair:1)
  A soldier ant (shapeshifter) (D:13)
  9 water moccasins
  8 porcupines
  A hell hound (Lair:6)
  2 black bears
  A necrophage (D:10)
  17 ogres
  3 slaves (D:5)
  2 eyes of draining
  A sky beast (D:14)
  A black bear (shapeshifter) (D:14)
  2 wasps
  A swamp drake (D:9)
  2 boring beetles (Lair:8)
  2 phantoms
  3 ice beasts
  31 orc warriors
  10 crocodiles
  11 centaurs
  Duvessa (D:5)
  A gnoll sergeant (D:9)
  3 big kobolds
  29 giant frogs
  2 wyvern zombies
  A water moccasin skeleton (D:4)
  2 wyvern skeletons
  10 scorpions
  4 electric eels
  5 wights (D:6)
  15 killer bees
  12 hounds
  The ghost of Ljcope the Firebug, a weakling HEFE of Vehumet (D:3)
  15 jellies
  4 centaur zombies
  Dowan (D:5)
  2 giant frog zombies
  A quasit (D:7)
  2 goliath beetles
  A wolf skeleton (Lair:3)
  8 centaur skeletons
  2 lava snakes (Lair:4)
  29 orc priests
  8 crimson imps
  A gnoll shaman (D:4)
  28 orc wizards
  12 sheep
  36 worker ants
  10 iguanas
  Jessica (D:1)
  A hound skeleton (D:6)
  3 mummies
  2 worker ant zombies
  19 gnolls
  21 adders
  13 river rats
  4 shadow imps
  7 giant mites
  6 worms
  An adder zombie (D:5)
  An adder skeleton (D:8)
  8 giant geckos
  6 oozes
  174 orcs
  5 ball pythons
  2 bat zombies
  5 giant cockroaches
  26 hobgoblins
  7 jackals
  25 kobolds
  12 quokkas
  20 bats
  2 giant gecko skeletons (D:5)
  9 giant newts
  A giant spore (D:12)
  27 goblins
  A quokka skeleton (D:5)
  16 rats
  4 ballistomycetes
  A bush (Lair:2)
  A fungus (Lair:5)
1106 creatures vanquished.

Vanquished Creatures (collateral kills)
  Snorg (Orc:1)
  Nergalle (Lair:3)
  An orc knight (Orc:4)
  A putrid demonspawn (Orc:4)
  A harpy (Shoals:1)
  2 griffons
  2 elephants (Lair:5)
  7 spiny frogs
  A centaur skeleton (D:14)
  2 blink frogs
  A fire drake (Lair:6)
  A polar bear (Lair:6)
  A two-headed ogre (D:14)
  A basilisk (Lair:8)
  3 wyverns (Lair:6)
  A hippogriff (Lair:6)
  A deep elf mage (D:14)
  A yak (Lair:8)
  A vampire mosquito (Lair:8)
  A porcupine (Lair:6)
  A hell hound (Lair:6)
  A wolf (Lair:7)
  2 water moccasins
  6 orc warriors
  2 ogres (Orc:1)
  2 crocodiles
  3 boring beetles
  4 giant frogs (Lair:8)
  An electric eel (Lair:8)
  6 orc priests
  4 jellies (Lair:8)
  An iguana (Lair:4)
  7 orc wizards
  3 sheep (Lair:7)
  An adder (Lair:5)
  39 orcs
  A quokka (Lair:3)
  3 butterflies (Lair:8)
  2 fungi
  A plant (Lair:6)
121 creatures vanquished.

Vanquished Creatures (others)
  A hydra skeleton (Lair:6)
  A centaur simulacrum (D:14)
  A tarantella (shapeshifter) (D:14)
  2 black mamba skeletons
  2 putrid demonspawn skeletons (Orc:4)
  4 raven skeletons
  An ogre (D:14)
  6 spiny frog skeletons (Lair:8)
  A merfolk skeleton (Shoals:1)
  6 blink frog skeletons
  A manticore skeleton (Shoals:1)
  2 wyvern skeletons (Lair:6)
  A water moccasin skeleton (Lair:8)
  An elf skeleton (Orc:4)
  8 yak skeletons (Lair:8)
  3 hippogriff skeletons
  2 troll skeletons (Orc:4)
  3 wolf skeletons
  A basilisk skeleton (D:15)
  5 giant frog skeletons
  2 two-headed ogre skeletons (Volcano)
  An electric eel skeleton (Lair:8)
  A porcupine skeleton (Lair:6)
  2 crocodile skeletons
  A mottled dragon skeleton (D:15)
  2 ogre skeletons
  A worm (Lair:4)
  2 adder skeletons
  3 sheep skeletons (Lair:8)
  3 giant spores
  2 goblin skeletons
  60 orc skeletons
  3 quokka skeletons (Lair:6)
  A ballistomycete (D:14)
  5 butterflies (D:14)
  5 fungi
  16 plants
162 creatures vanquished.

Grand Total: 1389 creatures vanquished
